 Dungeon Crawl Stone Soup version 0.28.0-62-gf88900778d (webtiles) character file.

Game seed: 4299884311514386195

60 Froggeryz the Ruffian (level 3, -6/29 HPs)
             Began as a Demonspawn Abyssal Knight on Jan 29, 2024.
             Was a Believer of Lugonu.
             Mangled by Crazy Yiuf
             ... wielding a +3 quarterstaff of chaos
              (16 damage)
             ... on level 2 of the Dungeon.
             The game lasted 00:01:46 (2549 turns).

Froggeryz the Ruffian (Demonspawn Abyssal Knight)   Turns: 2549, Time: 00:01:46

Health: -6/29      AC:  3    Str: 15    XL:     3   Next: 80%
Magic:  4/4        EV: 13    Int: 11    God:    Lugonu [**....]
Gold:   96         SH:  0    Dex: 13    Spells: 2/2 levels left

rFire   . . .      SeeInvis .     - Unarmed
rCold   . . .      Faith    .   (no shield)
rNeg    . . .      Spirit   .   a - +0 leather armour
rPois   .          Reflect  .   (no helmet)
rElec   .          Harm     .   (no cloak)
rCorr   .          Rampage  .   (no gloves)
Will    .....                   (no boots)
Stlth   +.........              (no amulet)
HPRegen 0.09/turn               (no ring)
MPRegen 0.09/turn               (no ring)

@: lethally poisoned (-6 -> -18)
A: repulsion field 1
a: Renounce Religion, Depart the Abyss, Bend Space


You were on level 2 of the Dungeon.
You worshipped Lugonu.
Lugonu was pleased with you.
You visited 1 branch of the dungeon, and saw 2 of its levels.
You visited the Abyss 1 time.

You collected 96 gold pieces.

Inventory:

Missiles
 b - 6 poisoned darts
Armour
 a - a +0 leather armour (worn)
Scrolls
 f - a scroll of blinking {unknown}
 g - 3 scrolls of acquirement {unknown}
 i - a scroll of brand weapon {unknown}
 j - a scroll of enchant weapon {unknown}
Potions
 c - 3 potions of heal wounds
 d - 2 potions of curing {unknown}
 e - a potion of might {unknown}
 h - a potion of ambrosia {unknown}


   Skills:
 - Level 3.0 Fighting
 - Level 2.3 Armour
 - Level 1.0 Dodging
 * Level 3.3 Unarmed Combat
 - Level 2.4 Invocations


You had 2 spell levels left.
You didn't know any spells.
Your spell library was empty.

Dungeon Overview and Level Annotations

Branches:
Dungeon (2/15)

Altars:

Shops:
D:1 !

Annotations:
D:2 Crazy Yiuf


Innate Abilities, Weirdness & Mutations

You are surrounded by a mild repulsion field. (EV +2)


Message History

The rat is heavily wounded.
The rat misses you.
You closely miss the rat.
The rat is heavily wounded.
The rat barely misses you.
You barely miss the rat.
The rat is heavily wounded.
The rat bites you.
You hit the rat.
You kill the rat!
Lugonu accepts your kill.
No target in view!
No target in view!
No target in view!
No target in view!
j - a scroll labelled KUUSTR CODDAAT
c - 3 potions of heal wounds (gained 1)
You see here a +0 robe.
You open the large door.
There is a large open door here.
Found a stone staircase leading down.
There is a stone staircase leading down here.
Key pressed, stopping explore.
No target in view!
No target in view!
There is a large open door here.
Found a mace.
Found a runed translucent door.
Crazy Yiuf shouts!
No reachable target in view!
You open the door.
Crazy Yiuf screams, "Aardvark cloud wrapper!"
You hit Crazy Yiuf but do no damage.
Crazy Yiuf hits you with a +3 quarterstaff of chaos!
You are poisoned.
You barely miss Crazy Yiuf.
You feel very sick.
Crazy Yiuf hits you with a +3 quarterstaff of chaos!
You are electrocuted!
Ouch! That really hurt!
You die...

###### #####
#######....#
#..)#
......#.####
#...#
#######
....#.#.#
... #.....#
###.#.#.####
#g# #.###<#
###<.>.....#
♣♣@♣
#.###.####
...........#
♣.♣♣
#........#
###....#.#.#
♣♣.♣
#..#####.#
#....#.#.#
♣.♣♣ #..#
#.#
#....#.#.#
♣♣.♣♣ #..#
#.#
#....#.#.#
♣...♣♣ #..#
#.#
###........#
♣....♣
#.†#####.#
..##.###.#.#
#....#
#........#
#.##.###.#.#
#....#
#.##.#####


You could see Crazy Yiuf.

Vanquished Creatures
  2 adders (D:2)
  4 ball pythons (D:1)
  3 endoplasms
  A giant cockroach (D:1)
  4 goblins (D:1)
  6 hobgoblins
  3 jackals (D:1)
  4 bats
  3 frilled lizards
  5 kobolds
  6 rats
  A spectral kobold (D:2)
42 creatures vanquished.

Notes
Turn   | Place    | Note
-------+----------+-------------------------------------------
     0 | Abyss:1  | Froggeryz the Demonspawn Abyssal Knight began the quest for
                  | the Orb.
     0 | Abyss:1  | Reached XP level 1. HP: 18/18 MP: 2/2
     4 | D:1      | Escaped the Abyss
   281 | D:1      | Reached * piety under Lugonu
   455 | D:1      | Gained mutation: You are surrounded by a mild repulsion
                  | field. (EV +2) [demonic ancestry]
   455 | D:1      | Reached XP level 2. HP: 16/24 MP: 3/3
   474 | D:1      | Found Nafiytai's Distillery.
   808 | D:1      | You fall into a shaft and drop 1 floor!
   910 | D:2      | Found a faded altar of an unknown god.
  1086 | D:1      | Reached XP level 3. HP: 18/29 MP: 4/4
  1412 | D:1      | Reached ** piety under Lugonu
  1687 | D:2      | Reached skill level 1 in Dodging
  2543 | D:2      | Found a runed translucent door.
  2544 | D:2      | Noticed Crazy Yiuf
  2549 | D:2      | Mangled by Crazy Yiuf

Illustrated notes

Levels and vault maps discovered:
D:1:      minmay_arrival_nine_rooms, layout_loops_ring, serial_shops, shop
D:2:      cheibrodos_old_hovel, layout_loops_ring,
          dreamdust_ecumenical_altar_drowned_temple, uniq_crazy_yiuf_cottage

Skill      XL: |  1  2  3 |
---------------+----------+-----
Unarmed Combat | 2 3 |  3.3
Armour         | 2 |  2.3
Dodging        | 1 |  1.0
Fighting       | |  3.0
Invocations    | |  2.4

Action                   || total
-------------------------++-------
Melee: Unarmed           ||   201
       Punch             ||     1
Invok: Depart the Abyss  ||     1
  Use: Potion            ||     1
 Stab: Sleeping          ||     2
Armor: Leather armour    ||    48
Dodge: Dodged            ||   132
